 Dungeon Crawl Stone Soup version 0.27-a0-1301-g128193abf8 (webtiles) character file.

Game seed: 2571452626280327765

215 Gwenloh the Chopper (level 5, -7/45 HPs)
             Began as a Deep Dwarf Gladiator on June 17, 2021.
             Was a Follower of Zin.
             Mangled by an ogre (15 damage)
             ... on level 5 of the Dungeon.
             The game lasted 00:09:57 (3576 turns).

Gwenloh the Chopper (Deep Dwarf Gladiator)          Turns: 3576, Time: 00:09:58

Health: -7/45      AC:  6    Str: 17    XL:     5   Next: 60%
Magic:  5/5        EV: 12    Int:  9    God:    Zin [*.....]
Gold:   181        SH:  0    Dex: 15    Spells: 4/4 levels left

rFire    . . .     SeeInvis .   a - +6 trident
rCold    x . .     Faith    .   (no shield)
rNeg     . . .     Spirit   .   o - +0 leather armour
rPois    +         Reflect  .   x - +0 helmet of the Moon {Rampage rC- Regen+ rCorr}
rElec    .         Harm     .   (no cloak)
rCorr    +         Rampage  +   e - +0 pair of gloves
Will     .....                  p - +0 pair of boots
Stlth    +.........             (no amulet)
HPRegen  0.00/turn              g - ring of poison resistance
MPRegen  0.09/turn              (no ring)

@: no status effects
A: damage resistance, heal wounds, sense surroundings 1, no regeneration
a: Heal Wounds, Renounce Religion, Recite, Donate Gold


You were on level 5 of the Dungeon.
You worshipped Zin.
Zin was aware of your devotion.
You visited 1 branch of the dungeon, and saw 5 of its levels.

You collected 201 gold pieces.
You donated 20 gold pieces to Zin.

Inventory:

Hand Weapons
 a - a +6 trident (weapon)
 b - a +0 hunting sling
 t - a +0 war axe
Missiles
 d - 3 throwing nets
 h - 259 stones (quivered)
 m - 20 sling bullets
Armour
 c - a +0 helmet
 e - a +0 pair of gloves (worn)
 o - a +0 leather armour (worn)
 p - a +0 pair of boots (worn)
 x - the +0 helmet of the Moon (worn) {Rampage rC- Regen+ rCorr}
   (You found it on level 4 of the Dungeon)

   It makes you vulnerable to cold.
   It increases your rate of health regeneration.
   It protects you from acid and corrosion.
   It bestows one free step when moving towards enemies.
Jewellery
 g - a ring of poison resistance (left hand)
Wands
 r - a wand of flame (17)
 w - a wand of polymorph (14)
Scrolls
 f - a scroll of magic mapping {unknown}
 i - a scroll of immolation {unknown}
 j - 2 scrolls of enchant weapon {unknown}
 k - 3 scrolls of identify {unknown}
 n - 3 scrolls of teleportation {unknown}
 u - a scroll of amnesia {unknown}
Potions
 l - 2 potions of degeneration {unknown}
 q - 2 potions of brilliance {unknown}
 s - a potion of curing {unknown}
 v - a potion of attraction {unknown}
 z - 2 potions of mutation {unknown}


   Skills:
 - Level 1.7 Fighting
 + Level 7.0 Axes
 - Level 1.7 Throwing
 - Level 3.2 Dodging
 + Level 0.2 Invocations


You had 4 spell levels left.
You didn't know any spells.
Your spell library contained the following spells:

 Spells                   Type           Power      Damage    Failure   Level
 Beastly Appendage        Tmut           0%         N/A       45%         1
 Wereblood                Tmut           0%         N/A       58%         2
 Spider Form              Tmut/Pois      0%         N/A       83%         3
 Ice Form                 Ice/Tmut       0%         N/A       99%         4


Dungeon Overview and Level Annotations

Branches:
Dungeon (5/15)
 Temple: D:4-7

Altars:
Zin

Shops:
D:3 :[([


Innate Abilities, Weirdness & Mutations

You are resistant to damage.
You can heal yourself by infusing magical energy.
You passively map a small area around you.
You do not regenerate.


Message History

Found a leather armour.
You see here a +0 leather armour.
You see here a +0 spear.
You see here a +2 dagger of venom.
Done exploring.
Done exploring.
There is a stone staircase leading down here.
You climb downwards.
Found 17 arrows and 15 gold pieces.
Found a stone staircase leading down.
There is a stone staircase leading up here.
Found a leather armour.
Found a quarterstaff.
There is a stone staircase leading down here.
You pay a tithe of 2 gold.
You now have 181 gold pieces (gained 13).
You pick up a book of Changes and begin reading...
You add the spells Beastly Appendage, Wereblood, Spider Form and Ice Form to your library.
An ogre comes into view. It is wielding a +0 giant spiked club.
The ogre shouts!
You shoot a stone. The stone barely misses the ogre.
You shoot a stone.
The stone hits the ogre but does no damage.
a - a +6 trident (weapon)
You rampage towards the ogre!
The ogre closely misses you.
You puncture the ogre!
The ogre is moderately wounded.
The ogre barely misses you.
You completely miss the ogre.
The ogre is moderately wounded.
You puncture the ogre!
The ogre is heavily wounded.
The ogre hits you with a +0 giant spiked club!!
Ouch! That really hurt!
* * * LOW HITPOINT WARNING * * *
You hear a shout!
You hit the ogre.
The ogre is severely wounded.
You hear a shout!
The ogre hits you with a +0 giant spiked club!!
You die...

* * , * ** #
######## #.
**##......##
*..###....<...##
.............#
#####..........#
,
.((............#
* *
##.O@.......# **
#..........# *
##......>(##
#..........#
#[.........# ,
#..........#
#..........# *
#..........#
##........##


You could see an ogre.

Vanquished Creatures
  5 gnolls
  5 adders
  3 worms
  2 dart slugs
  8 orcs
  8 endoplasms
  3 giant cockroaches
  9 goblins
  5 hobgoblins
  4 jackals (D:3)
  4 quokkas
  11 ball pythons
  3 bats
  4 frilled lizards
  8 kobolds
  22 rats
104 creatures vanquished.

Notes
Turn   | Place    | Note
-------+----------+-------------------------------------------
     0 | D:1      | Gwenloh the Deep Dwarf Gladiator began the quest for the
                  | Orb.
     0 | D:1      | Reached XP level 1. HP: 19/19 MP: 1/1
   161 | D:1      | Reached XP level 2. HP: 20/26 MP: 2/2
   166 | D:1      | Reached skill level 4 in Axes
   763 | D:1      | Found a faded altar of an unknown god.
   837 | D:1      | Reached XP level 3. HP: 24/32 MP: 3/3
  1052 | D:2      | Reached skill level 5 in Axes
  1403 | D:2      | Reached XP level 4. HP: 19/39 MP: 4/4
  1650 | D:2      | Reached skill level 6 in Axes
  2028 | D:3      | Found Amomyulo's Armour Shoppe.
  2120 | D:3      | Reached XP level 5. HP: 23/45 MP: 5/5
  2140 | D:3      | Found Tesa's Book Boutique.
  2167 | D:3      | Found Putwim's General Store.
  2235 | D:3      | Found Ogockapn's Armour Boutique.
  2537 | D:3      | Found Ceovitse's Antique Weapon Shoppe.
  3004 | D:4      | Identified the +0 helmet of the Moon {Rampage rC- Regen+
                  | rCorr}
  3087 | D:4      | Reached skill level 7 in Axes
  3122 | D:4      | Found a glowing silver altar of Zin.
  3127 | D:4      | Became a worshipper of Zin the Law-Giver
  3127 | D:4      | Reached * piety under Zin
  3551 | D:5      | Entered Level 5 of the Dungeon
  3566 | D:5      | Noticed an ogre
  3576 | D:5      | Mangled by an ogre

Illustrated notes

Levels and vault maps discovered:
D:1:      lemuel_arrival_river_bridge, layout_basic, basic_ecumenical_altar
D:2:      minmay_skewed_foursquare, layout_basic, minmay_rat_hole
D:3:      layout_loops_ring, serial_shops, shop, nicolae_shop_waterfront,
          nicolae_shop_behind_doors, nicolae_diamond_shop, shop_coins
D:4:      layout_loops_ring, lemuel_doored_altar
D:5:      layout_rooms, serial_shops, kennysheep_mini_moat, uniq_pikel

Skill      XL: |  1  2  3  4  5 |
---------------+----------------+-----
Axes           | 4 5 6 7 |  7.0
Fighting       | |  1.7
Throwing       | |  1.7
Dodging        | |  3.2
Invocations    | |  0.2

Action                   |  1- 3 |  4- 6 || total
-------------------------+-------+-------++-------
Melee: War axe           |   120 |    67 ||   187
       Trident           |       |    23 ||    23
 Fire: Hunting sling     |       |    85 ||    85
Throw: Stone             |    69 |    13 ||    82
 Abil: Heal Wounds       |     1 |     4 ||     5
Armor: Leather armour    |    34 |    28 ||    62
Dodge: Dodged            |    62 |    56 ||   118

Table legend: (Time is in decaauts)
 A = Elapsed time spent in this place.
 B = Non-inter-level travel time spent in this place.
 C = Inter-level travel time spent in this place.
 D = Time resting spent in this place.
 E = Time spent auto-exploring this place.
 F = Levels seen in this place.
 G = Mean time per level.
                   A        B        C        D        E       F      G
               +--------+--------+--------+--------+--------+-----+--------+
         Total |   3626 |   3531 |     95 |      0 |   2721 |   5 |  725.2 |
       Dungeon |   3626 |   3531 |     95 |      0 |   2721 |   5 |  725.2 |
               +--------+--------+--------+--------+--------+-----+--------+

Top non-repeatable levels by time:
     D:2: 1082 daAuts
     D:1: 971 daAuts
     D:4: 800 daAuts
     D:3: 747 daAuts
     D:5: 24 daAuts
